 Dungeon Crawl Stone Soup version 0.31-a0-214-gb37851dbb3 (webtiles) character file.

Game seed: 8320957138675291594

158 qw the Shooter (level 5, -3/41 HPs)
             Began as a Minotaur Hexslinger on July 1, 2023.
             Slain by an ice beast (13 damage)
             ... on level 5 of the Dungeon.
             The game lasted 00:00:44 (1875 turns).

qw the Shooter (Minotaur Hexslinger)                Turns: 1875, Time: 00:00:45

Health: -3/41      AC:  3    Str: 12    XL:     5   Next: 16%
Magic:  5/5        EV: 12    Int: 10    God:
Gold:   76         SH:  0    Dex: 15    Spells: 5/6 levels left

rFire   . . .        Y - +1 sling
rCold   . . .        (no shield)
rNeg    . . .        f - +0 leather armour
rPois   .            (helmet restricted)
rElec   .            (no cloak)
rCorr   .            (no gloves)
SInv    .            (no boots)
Will    .....        g - amulet of the acrobat
Stlth   +            (no ring)
HPRegen 0.26/turn    (no ring)
MPRegen 0.09/turn

%: acrobat
@: about to teleport
A: horns 2, retaliatory headbutt
a: no special abilities


You were on level 5 of the Dungeon.
You visited 1 branch of the dungeon, and saw 4 of its levels.

You collected 76 gold pieces.


Innate Abilities, Weirdness & Mutations

You have a pair of horns on your head.
You reflexively headbutt those who attack you in melee.


   Skills:
 + Level 2.2 Fighting
 - Level 5.6 Ranged Weapons
 - Level 2.1 Dodging
 - Level 1.0 Spellcasting
 - Level 2.0 Hexes


You had 5 spell levels left.
You knew the following spells:

 Your Spells              Type           Power      Damage    Failure   Level
a - Slow                  Hex            16%        N/A       19%         1

Your spell library contained the following spells:

 Spells                   Type           Power      Damage    Failure   Level
 Inner Flame              Hex/Fire       2%         N/A       65%         3
 Portal Projectile        Hex/Tloc       4%         N/A       65%         3
 Cause Fear               Hex            2%         N/A       88%         4

Inventory:

Hand Weapons
 Y - a +1 sling (weapon)
Armour
 f - a +0 leather armour (worn)
Jewellery
 g - an amulet of the acrobat (around neck)
Scrolls
 a - 2 scrolls of identify
 b - a scroll of teleportation
 d - a scroll of enchant weapon {unknown}
Potions
 c - 2 potions of haste {unknown}

Dungeon Overview and Level Annotations

Branches:
Dungeon (3/15)

Altars:
Elyvilon


Message History

You feel sick.
You start resting.
You feel sick. x2
You are no longer poisoned.
HP restored.
There is an escape hatch in the ceiling here.
An ice beast comes into view.
Enter note: You shoot a sling bullet.
The sling bullet hits the ice beast but does no damage.
You shoot a sling bullet.
The sling bullet closely misses the ice beast.
The ice beast hits you. The ice beast freezes you!
You shoot a sling bullet.
The sling bullet barely misses the ice beast.
The ice beast hits you. The ice beast freezes you.
You shoot a sling bullet.
The sling bullet closely misses the ice beast.
The ice beast hits you. The ice beast freezes you.
You shoot a sling bullet.
The sling bullet hits the ice beast but does no damage.
The ice beast closely misses you.
The ice beast hits you but does no damage.
You shoot a sling bullet. The sling bullet hits the ice beast.
The ice beast is lightly wounded.
The ice beast hits you. The ice beast freezes you!
1872 ||| READING 2 scrolls of teleportation.
As you read the scroll of teleportation, it crumbles to dust.
You feel strangely unstable. The ice beast closely misses you.
1873 ||| DRINKING potion of heal wounds.
You feel much better. The ice beast closely misses you.
You shoot a sling bullet.
The sling bullet barely misses the ice beast.
The ice beast hits you. The ice beast freezes you.
You shoot a sling bullet.
The sling bullet barely misses the ice beast.
The ice beast hits you. The ice beast freezes you!
You die...

##### ...## ..
... #
....###Y#.###
..
.......@#...#
##.
....###.....#
# ..## #
#...#####
..##..#
###.###
....#####...#
#..##....###
#####...#<####
.....%.......#
.#####.#####.#


You could see an ice beast.

Vanquished Creatures
  A scorpion (D:5)
  4 adders
  2 dart slugs
  An orc (D:3)
  4 bats
  10 endoplasms
  2 giant cockroaches
  3 goblins
  7 hobgoblins
  4 quokkas (D:3)
  4 ball pythons
  4 frilled lizards
  7 kobolds
  4 rats
57 creatures vanquished.

Notes
Turn   | Place    | Note
-------+----------+-------------------------------------------
     0 | D:1      | qw the Minotaur Hexslinger began the quest for the Orb.
     0 | D:1      | Reached XP level 1. HP: 16/16 MP: 1/1
     0 | D:1      | 0 ||| qw: Version: 0.3-a-32-g5962c71
     0 | D:1      | 0 ||| qw: Game counter: 7643
     0 | D:1      | 0 ||| qw: Melee chars always use a shield: true
     0 | D:1      | 0 ||| qw: God list: Okawaru
     0 | D:1      | 0 ||| qw: Allow faded altars: false
     0 | D:1      | 0 ||| qw: Do Orc after clearing Dungeon:15 true
     0 | D:1      | 0 ||| qw: Do second Lair branch before Depths: true
     0 | D:1      | 0 ||| qw: Lair rune preference: random
     0 | D:1      | 0 ||| qw: Goals: Normal
     0 | D:1      | 0 ||| PLANNING D:1-11
   147 | D:1      | Reached skill level 3 in Ranged Weapons
   233 | D:1      | Reached XP level 2. HP: 23/23 MP: 2/2
   761 | D:1      | 761 ||| UPGRADING to +0 leather armour.
   771 | D:1      | 771 ||| DROPPING +0 robe.
   772 | D:1      | 772 ||| UPGRADING to amulet of the acrobat.
   777 | D:1      | 777 ||| READING 3 scrolls labelled CIPRESCH MORIEXAQA.
   778 | D:1      | 778 ||| READING scroll labelled NACRIKH SAOR.
   779 | D:1      | 779 ||| READING 2 scrolls of identify.
   779 | D:1      | 779 ||| IDENTIFYING golden potion
   780 | D:1      | 780 ||| DROPPING scroll of poison.
   913 | D:2      | Reached XP level 3. HP: 28/29 MP: 3/3
   983 | D:2      | Reached skill level 4 in Ranged Weapons
  1256 | D:2      | Reached XP level 4. HP: 36/36 MP: 4/4
  1399 | D:2      | 1399 ||| READING 2 scrolls labelled QEESMA SUOHAFUW.
  1403 | D:2      | 1403 ||| READING 2 scrolls labelled QUOTHR MEINE.
  1404 | D:2      | 1404 ||| READING scroll labelled QOROTU CUPHOL.
  1405 | D:2      | 1405 ||| DROPPING scroll of fog.
  1565 | D:3      | Found a faded altar of an unknown god.
  1633 | D:3      | You fall into a shaft and drop 2 floors!
  1633 | D:5      | Entered Level 5 of the Dungeon
  1633 | D:5      | Found a white marble altar of Elyvilon.
  1666 | D:5      | Noticed a scorpion
  1679 | D:5      | Killed a scorpion
  1680 | D:5      | Reached skill level 5 in Ranged Weapons
  1680 | D:5      | Reached XP level 5. HP: 21/41 MP: 5/5
  1865 | D:5      | Noticed an ice beast
  1871 | D:5      | HP: 10/41 [ice beast (2)]
  1871 | D:5      | HP: 2/41 [ice beast (8)]
  1872 | D:5      | 1872 ||| READING 2 scrolls of teleportation.
  1873 | D:5      | 1873 ||| DRINKING potion of heal wounds.
  1875 | D:5      | Slain by an ice beast

Levels and vault maps discovered:
D:1:      elethiomel_arrival_infinity_welcomes_careful_drivers, layout_basic
D:2:      minmay_alternating_diamond, layout_basic
D:3:      layout_basic, ebering_ecumenical_altar_petrified, minmay_box_of_dots,
          uniq_grinder, uniq_jessica
D:5:      layout_rooms, kennysheep_ying_yang, minmay_temple_entry_mini_moons,
          kennysheep_nub

Skill      XL: |  1  2  3  4 |
---------------+-------------+-----
Ranged Weapons | 3 4 5 |  5.6
Fighting       | 2 |  2.2
Dodging        | |  2.1
Spellcasting   | |  1.0
Hexes          | |  2.0

Action                     |  1- 3 |  4- 6 || total
---------------------------+-------+-------++-------
   Fire: Sling             |    97 |    74 ||   171
    Use: Scroll            |     3 |     4 ||     7
         Potion            |       |     1 ||     1
 Armour: Robe              |     1 |       ||     1
         Leather armour    |     4 |     6 ||    10
  Dodge: Dodged            |    25 |    26 ||    51

Table legend:
 A = Non-vault XP
 B = Vault XP
 C = Vault XP percentage of total XP
 D = Non-vault monster count
 E = Vault monster count
 F = Vault count percentage of total count
                 A         B        C        D         E       F
            +---------+---------+-------+---------+---------+-------
      Total |     207 |      20 |   8.8 |      53 |       4 |   7.0
            +---------+---------+-------+---------+---------+-------
        D:1 |      28 |       0 |   0.0 |      17 |       0 |   0.0
        D:2 |      53 |      20 |  27.4 |      17 |       4 |  19.0
        D:3 |      29 |       0 |   0.0 |      17 |       0 |   0.0
        D:5 |      97 |       0 |   0.0 |       2 |       0 |   0.0
            +---------+---------+-------+---------+---------+-------
